 Dungeon Sprint DCSS version 0.20.1-1-g8b1a95d (webtiles) character file.

0 potatolord6000 the Skirmisher (level 1, -4/20 HPs)
             Began as a Hill Orc Monk on Sept 11, 2017.
             Was a Believer of Beogh.
             Slain by a porcupine (7 damage)
             ... in the Dungeon (Sprint VI: "Thunderdome").
             The game lasted 00:00:56 (104 turns).

potatolord6000 the Skirmisher (Hill Orc Monk)        Turns: 104, Time: 00:00:57

Health: -4/20      AC:  2    Str: 13    XL:     1   Next: 20%
Magic:  1/1        EV: 13    Int: 10    God:    Beogh [**....]
Gold:   200        SH:  0    Dex: 13    Spells: 0/0 levels left

rFire    . . .     SeeInvis .   a - +0 spear
rCold    . . .     Gourm    .   (no shield)
rNeg     . . .     Faith    .   b - +0 robe
rPois    .         Spirit   .   (no helmet)
rElec    .         Reflect  .   (no cloak)
rCorr    .         Harm     .   (no gloves)
MR       .....     NoTele   +   (no boots)
Stlth    ++........             (no amulet)
Regen    0.1/turn               (no ring)
MPRegen  0.1/turn               (no ring)

@: hasted, very quick
A: no striking features
a: Smiting, Renounce Religion


You were in the Dungeon.
You worshipped Beogh.
Beogh was pleased with you.
You were not hungry.

You visited 1 branch You collected 200 gold pieces.

Inventory:

Hand Weapons
 a - a +0 spear (weapon)
Armour
 b - a +0 robe (worn)
Scrolls
 i - a scroll of blinking
Potions
 e - 4 potions of heal wounds
 f - 3 potions of haste
 g - 2 potions of magic
 h - a potion of berserk rage
 j - a potion of resistance
Comestibles
 c - a bread ration


   Skills:
 + Level 3.7 Fighting
 + Level 3.4 Polearms
 + Level 1.3 Armour
 - Level 2.4 Dodging
 - Level 1.5 Stealth
 + Level 1.0 Invocations


You couldn't memorise any spells.
You didn't know any spells.

Dungeon Overview and Level Annotations

Branches:
Dungeon (1/1)

Altars:
Cheibriados
Dithmenos
Fedhas
Gozag
Kikubaaqudgha
Makhleb
Okawaru
Qazlal
Sif Muna
Trog
Vehumet
Xom
Yredelemnul
Zin
Beogh
Lugonu

Shops:
D *[%?**[(!!!!


Message History

Press: ? - help, Dir - move target cursor, f - porcupine
Aim: a porcupine You reach to attack!
You hit the porcupine.
The porcupine is lightly wounded.
Attack whom?
Press: ? - help, Dir - move target cursor, f/p - porcupine
Aim: a porcupine (lightly wounded)
You hit the porcupine but do no damage.
The porcupine is lightly wounded.
The porcupine closely misses you.
You are struck by the porcupine's spines.
Ouch! That really hurt!
* * * LOW HITPOINT WARNING * * *
You hit the porcupine.
The porcupine is lightly wounded.
Unknown command.
You barely miss the porcupine.
The porcupine is lightly wounded.
The porcupine bites you!
You die...

_.... ###..... ...
#⌠..........
######.8.........
##∩.__......# ...
###∩........8.# .8.
##.............###...
#⌠..........# #...# #
#⌠..@r......# #.<.# #
#⌠..........###...###
##.............###...
###∩........8.# #.8.
##∩__.......###...
######.8.........
#⌠..........
###.........
#_......._


You could see a porcupine.

Vanquished Creatures
  A quokka (D)
1 creature vanquished.

Notes
Turn   | Place    | Note
-------+----------+-------------------------------------------
     0 | D        | potatolord6000 the Hill Orc Monk began the quest for the Orb.
     0 | D        | Reached XP level 1. HP: 19/19 MP: 1/1
     2 | D        | Found a stormy altar of Qazlal.
     2 | D        | Found an iron altar of Okawaru.
     3 | D        | Found a radiant altar of Vehumet.
     3 | D        | Found a basalt altar of Yredelemnul.
     4 | D        | Found a glowing silver altar of Zin.
     4 | D        | Found a shadowy altar of Dithmenos.
     5 | D        | Found Wibin's Do-It-Yourself Clinic.
     5 | D        | Found a deep blue altar of Sif Muna.
     5 | D        | Found a snail-covered altar of Cheibriados.
     5 | D        | Found Osoly's Distillery.
     5 | D        | Round 1.
     6 | D        | Found Miorar's Bottled Wisdom.
     6 | D        | Found Quefacusm's Distillery.
    11 | D        | Found an ancient bone altar of Kikubaaqudgha.
    13 | D        | Found Taceugh's Weapon Rack.
    14 | D        | Found an opulent altar of Gozag.
    14 | D        | Found a shimmering altar of Xom.
    14 | D        | Found Pexkuen's Premium Goods.
    15 | D        | Found Kupliann's Basic Armour.
    15 | D        | Found Fouff's Miscellaneous Merchandise.
    22 | D        | Found a roughly hewn altar of Beogh.
    23 | D        | Found a burning altar of Makhleb.
    25 | D        | Found Riyczumiqi's Identification Station.
    26 | D        | Found Cusavufa's Advanced Armour.
    26 | D        | Found Ruodoupim's Jewellery.
    27 | D        | Found a bloodstained altar of Trog.
    27 | D        | Found a blossoming altar of Fedhas.
    27 | D        | Found Myrie's Bee Food.
    35 | D        | Became a worshipper of Beogh the Brigand
    35 | D        | Reached * piety under Beogh
    35 | D        | Reached ** piety under Beogh
    47 | D        | Reached skill level 1 in Armour
    47 | D        | Reached skill level 1 in Invocations
    52 | D        | Found a corrupted altar of Lugonu.
    91 | D        | Noticed a porcupine
   104 | D        | Slain by a porcupine

Skill      XL: |  1 |
---------------+----+-----
Armour         | 1 |  1.3
Invocations    | 1 |  1.0
Fighting       | |  3.7
Polearms       | |  3.4
Dodging        | |  2.4
Stealth        | |  1.5

Action                   || total
-------------------------++-------
Melee: Spear             ||     8
  Use: Potion            ||     2
Armor: Robe              ||     1
Dodge: Dodged            ||     3
